 Dungeon Crawl Stone Soup version 0.19-a0-1714-gcab94ab (webtiles) character file.

56 Goblin1989 the Sneak (level 3, 0/27 HPs)
             Began as a Demonspawn Assassin on Sept 28, 2016.
             Slain by a jackal (2 damage)
             ... on level 2 of the Dungeon.
             The game lasted 00:02:15 (1449 turns).

Goblin1989 the Sneak (Demonspawn Assassin)          Turns: 1449, Time: 00:02:16

Health: 0/27       AC:  4    Str: 11    XL:     3   Next: 71%
Magic:  3/3        EV: 11    Int: 12    God:
Gold:   48         SH:  0    Dex: 15    Spells: 0 memorised, 2 levels left

rFire  . . .     SeeInvis .     a - +2 dagger
rCold  . . .     Gourm    .     c - +0 robe
rNeg   . . .     Faith    .     (no shield)
rPois  .         Spirit   .     (no helmet)
rElec  .         Dismiss  .     d - +0 cloak
rCorr  .         Reflect  .     (no gloves)
MR     .....     Harm     .     (no boots)
Stlth  ++........               (no amulet)
                                (no ring)
                                (no ring)

@: no status effects
A: hooves 1, powered by pain 1
a: no special abilities


You were on level 2 of the Dungeon.
You were not hungry.

You visited 1 branch of the dungeon, and saw 2 of its levels.

You collected 48 gold pieces.

Inventory:

Hand Weapons
 a - a +2 dagger (weapon)
 q - a +0 blowgun {@w1}
Missiles
 e - 27 poisoned needles
 f - 2 curare-tipped needles
Armour
 c - a +0 robe (worn)
 d - a +0 cloak (worn)
Jewellery
 h - a +6 ring of evasion {unknown}
 k - an uncursed amulet of the gourmand {unknown}
Scrolls
 b - 2 scrolls of identify {unknown}
 i - a scroll of magic mapping {unknown}
 m - a scroll of amnesia {unknown}
Potions
 j - 2 potions of haste {unknown}
Comestibles
 g - 2 bread rations
 l - a beef jerky
 n - 2 chunks of flesh


   Skills:
 - Level 2.0 Fighting
 * Level 3.1 Short Blades
 - Level 1.7 Throwing
 - Level 0.8 Dodging
 + Level 4.2 Stealth


You had 2 spell levels left.
You didn't know any spells.

Dungeon Overview and Level Annotations

Branches:
Dungeon (2/15)

Altars:
Fedhas
Kikubaaqudgha


Innate Abilities, Weirdness & Mutations

You have large cloven feet.
You sometimes gain a little power by taking damage.


Message History

You are too injured to fight recklessly!
You are too injured to fight recklessly!
You are too injured to fight recklessly!
You are too injured to fight recklessly!
You are too injured to fight recklessly!
You are too injured to fight recklessly!
You are too injured to fight recklessly!
You are too injured to fight recklessly!
You are too injured to fight recklessly!
You are too injured to fight recklessly!
You are too injured to fight recklessly!
You are too injured to fight recklessly!
You are too injured to fight recklessly!
You are too injured to fight recklessly!
You are too injured to fight recklessly!
You are too injured to fight recklessly!
You are too injured to fight recklessly!
You are too injured to fight recklessly!
The jackal closely misses you. The jackal bites you.
You die... ਜਜਜਜਜ ਜ. ਜਜ...ਜਜ ਜ.ਜਜਜ.....ਜਜ ਜ.ਜਜ...?...ਜ ਜ.ਜਜ.......ਜ ਜ.ਜਜ(.w....ਜ ਜ.ਜ ਜ.whh.ਜ

ਜ.ਜਜਜਜ.@.ਜਜ
ਜ....ਜਜ∆ਜਜਜਜਜਜਜ▲ਜ
ਜ.ਜਜ.............
ਜਜਜਜਜਜਜਜਜਜ.ਜਜ.............
ਜ..........ਜਜ.............


ਜਜਜ(ਜਜਜਜਜਜਜਜਜਜਜਜ▲ਜਜਜਜਜਜਜ▲ਜ ਜ.ਜ ਜ.ਜ ਜ.ਜ You could see 2 worms and 2 jackals.

Vanquished Creatures
  Jessica (D:2)
  An ooze (D:1)
  3 bats (D:1)
  2 giant cockroaches (D:1)
  2 goblins (D:1)
  2 hobgoblins
  8 jackals (D:1)
  2 frilled lizards (D:1)
  A kobold (D:1)
  A rat (D:1)
23 creatures vanquished.

Notes
Turn   | Place    | Note
-------+----------+-------------------------------------------
     0 | D:1      | Goblin1989 the Demonspawn Assassin began the quest for the Orb.
     0 | D:1      | Reached XP level 1. HP: 16/16 MP: 1/1
   163 | D:1      | Gained mutation: You have large cloven feet. [demonic ancestry]
   163 | D:1      | Reached XP level 2. HP: 22/22 MP: 2/2
   386 | D:1      | Reached skill level 4 in Stealth
   681 | D:1      | Gained mutation: You sometimes gain a little power by taking damage. [demonic ancestry]
   681 | D:1      | Reached XP level 3. HP: 13/27 MP: 3/3
  1100 | D:2      | Noticed Jessica
  1101 | D:2      | Found an ancient bone altar of Kikubaaqudgha.
  1101 | D:2      | Found a blossoming altar of Fedhas.
  1111 | D:2      | Killed Jessica
  1449 | D:2      | Slain by a jackal

Vault maps used:
D:1:      saegor_arrival_simple_b
D:2:      kennysheep_six_static_rooms, grunt_temple_overflow_holy_war,
          grunt_temple_overflow_growth_and_decay, minitemple,
          minmay_misc_feat_rows, uniq_jessica, uniq_natasha

Skill      XL: |  1  2  3 |
---------------+----------+-----
Short Blades   | 2 3 |  3.1
Stealth        | 4 |  4.2
Fighting       | |  2.0
Throwing       | |  1.7
Dodging        | |  0.8

Action                   || total
-------------------------++-------
Melee: Dagger            ||   109
       Kick              ||    16
 Stab: Sleeping          ||     4
  Eat: Chunk             ||     2
Armor: Robe              ||    34
Dodge: Dodged            ||    63

Vault maps used:
D:1:      saegor_arrival_simple_b
D:2:      kennysheep_six_static_rooms, grunt_temple_overflow_holy_war,
          grunt_temple_overflow_growth_and_decay, minitemple,
          minmay_misc_feat_rows, uniq_jessica, uniq_natasha
